 Dungeon Crawl Stone Soup version 0.18.1-5-g4a78601 (webtiles) character file.

765 varam the Ruffian (level 7, -6/61 HPs)
             Began as a Troll Transmuter on May 9, 2016.
             Was a Follower of Makhleb.
             Killed from afar by an orc wizard (9 damage)
             ... with a magic dart
             ... on level 6 of the Dungeon.
             The game lasted 00:12:13 (4062 turns).

varam the Ruffian (Troll Transmuter)                Turns: 4062, Time: 00:12:14

Health: -6/61      AC:  2    Str: 19    XL:     7   Next: 52%
Magic:  5/19       EV: 19    Int: 11    God:    Makhleb [*.....]
Gold:   165        SH:  0    Dex: 15    Spells: 3 memorised, 6 levels left

rFire  . . .     SeeInvis .       - Unarmed
rCold  . . .     Gourm    +     (armour currently unavailable)
rNeg   . . .     Faith    .     (shield currently unavailable)
rPois  x         Spirit   .     (helmet currently unavailable)
rElec  .         Dismiss  .     (cloak currently unavailable)
rCorr  .         Reflect  .     (gloves unavailable)
SustAt .         Harm     .     (boots unavailable)
MR     +....                    (no amulet)
Stlth  +.........               j - ring of magical power
                                C - ring of protection from magic

@: spider-form (expiring), very slightly contaminated, somewhat resistant to
hostile enchantments, very unstealthy
A: unfitting armour, (claws 0), fast metabolism 3, gourmand, regeneration 2,
(shaggy fur 0), (tough skin 0)
a: End Transformation, Renounce Religion


You were on level 6 of the Dungeon.
You worshipped Makhleb.
Makhleb was aware of your devotion.
You were very full.
You were a venomous arachnid creature.
You visited 1 branch of the dungeon, and saw 6 of its levels.

You collected 291 gold pieces.
You spent 126 gold pieces at shops.

Inventory:

Missiles
 a - 46 arrows
 o - 3 tomahawks
 q - 2 javelins (quivered)
Armour
 b - a +0 robe (melded)
 v - a +0 shield
Jewellery
 g - an uncursed ring of resist corrosion
 j - a ring of magical power (right front leg)
 C - a ring of protection from magic (left front leg)
Scrolls
 e - 4 scrolls of remove curse
 h - 3 scrolls of recharging
 k - 5 scrolls of enchant weapon
 m - a scroll of fear {unknown}
 p - a scroll of immolation {unknown}
 s - 3 scrolls of teleportation
 t - a scroll of enchant armour
 y - a scroll of identify
 D - a scroll of noise {unknown}
Potions
 f - 2 potions of degeneration
 i - a potion of cancellation
 l - a potion of agility
 n - 3 potions of might {unknown}
 u - a potion of mutation {unknown}
 w - 4 potions of cure mutation {unknown}
 z - 3 potions of heal wounds {unknown}
 A - a potion of flight {unknown}
 B - a potion of haste {unknown}
Books
 c - a book of Changes

   Spells                             Type                      Level
   a - Beastly Appendage              Transmutation                1
   b - Sticks to Snakes               Transmutation                2
   c - Spider Form                    Transmutation/Poison         3
   d - Ice Form                       Ice/Transmutation            4
   e - Blade Hands                    Transmutation                5
Comestibles
 d - 6 bread rations
 r - 3 meat rations
 x - 2 beef jerkies
 E - 3 fruits
 F - 2 chunks of flesh


   Skills:
 - Level 0.7 Fighting
 - Level 1.5 Dodging
 + Level 5.1 Unarmed Combat
 + Level 3.0 Spellcasting
 + Level 3.6 Transmutations
 + Level 2.8 Invocations


You had 6 spell levels left.
You knew the following spells:

 Your Spells              Type           Power        Failure   Level  Hunger
a - Beastly Appendage     Trmt           #.....       24%         1    #......
c - Sticks to Snakes      Trmt           #.......     28%         2    ###....
z - Spider Form           Trmt/Pois      #.........   61%         3    ###....


Dungeon Overview and Level Annotations

Branches:
Dungeon (6/15)
 Temple: D:4-7

Altars:
Elyvilon
Makhleb
Pakellas
Xom
Yredelemnul
Zin
The Shining One

Shops:
D:4 ?

Annotations:
D:1 1 exclusion


Innate Abilities, Weirdness & Mutations

You are too large for most types of armour.
((You have claws for hands.))
Your metabolism is lightning-fast.
You like to eat raw meat.
You heal very quickly.
((You are covered in fur (AC +1).))
((You have very tough skin (AC +2).))


Message History

Beogh smites you!
* * * LOW HITPOINT WARNING * * *
You are too injured to fight recklessly!
You are too injured to fight recklessly!
You are too injured to fight recklessly!
You are too injured to fight recklessly!
The orc priest misses you.
The orc priest calls down the wrath of Beogh upon you.
Beogh smites you!
* * * LOW HITPOINT WARNING * * *
You hear some strange, mumbled words.
You kill the orc priest!
Makhleb accepts your kill.
You feel better.
A magic dart appears from out of thin air!
The magic dart hits you!
* * * LOW HITPOINT WARNING * * *
A magic dart appears from out of thin air!
The magic dart hits you!
You die...

.................##
######.##........##
##.##.........#
#.............#
#..##.........#
#..##........##
#...........##
#..####....##
###s.# #.#.##
#....# #.#.########
.#.#######.#.## #
#.........
.....oo.)....#
#..#######
.#.#######.###
#.#........# #.#
#.##.#####.# .. #.#
#.##.# #.# .. #.#
#.##.# #.# #. #.#
#.##.# #..


There were no monsters in sight!

Vanquished Creatures
  Sigmund (D:4)
  An ogre (D:4)
  A centaur (D:6)
  3 crimson imps
  A hound (D:6)
  2 orc priests (D:6)
  An orc wizard (D:6)
  2 worker ants (D:6)
  7 adders
  An ooze (D:1)
  An adder zombie (D:6)
  3 worms
  3 dart slugs
  2 giant geckos
  13 orcs
  9 bats
  3 giant cockroaches
  9 goblins
  8 hobgoblins
  9 jackals
  5 kobolds
  3 quokkas
  A giant newt (D:2)
  3 rats
92 creatures vanquished.

Notes
Turn   | Place    | Note
--------------------------------------------------------------
     0 | D:1      | varam the Troll Transmuter began the quest for the Orb.
     0 | D:1      | Reached XP level 1. HP: 18/18 MP: 1/1
    53 | D:1      | Found a shimmering altar of Xom.
    92 | D:1      | Reached XP level 2. HP: 24/26 MP: 0/3
   486 | D:1      | Reached XP level 3. HP: 32/32 MP: 2/4
   788 | D:2      | Reached XP level 4. HP: 40/40 MP: 2/5
  1458 | D:3      | Reached XP level 5. HP: 46/46 MP: 5/7
  1555 | D:3      | Found a burning altar of Makhleb.
  1577 | D:3      | Became a worshipper of Makhleb the Destroyer
  1716 | D:3      | Reached skill level 4 in Unarmed Combat
  2020 | D:4      | Noticed Sigmund
  2040 | D:5      | Entered Level 5 of the Dungeon
  2200 | D:4      | Killed Sigmund
  2200 | D:4      | Reached skill level 1 in Invocations
  2200 | D:4      | Reached XP level 6. HP: 24/54 MP: 6/8
  2447 | D:4      | Found Ebeigim's Magic Scroll Boutique.
  2450 | D:4      | Bought a scroll of enchant armour for 82 gold pieces
  2450 | D:4      | Bought a scroll of identify for 22 gold pieces
  2450 | D:4      | Bought a scroll of identify for 22 gold pieces
  2659 | D:4      | Learned a level 3 spell: Spider Form
  2760 | D:4      | Learned a level 2 spell: Sticks to Snakes
  3164 | D:5      | Found a basalt altar of Yredelemnul.
  3167 | D:5      | Found a glowing golden altar of the Shining One.
  3167 | D:5      | Found an oddly glowing altar of Pakellas.
  3170 | D:5      | Found a white marble altar of Elyvilon.
  3749 | D:6      | Reached * piety under Makhleb
  3844 | D:6      | Reached XP level 7. HP: 57/61 MP: 10/10
  3870 | D:6      | Found a glowing silver altar of Zin.
  3871 | D:6      | Noticed an angel
  4041 | D:6      | Reached skill level 5 in Unarmed Combat
  4059 | D:6      | HP: 1/61 [something/magic dart (8)]
  4062 | D:6      | Killed from afar by an orc wizard

Skill      XL: |  1  2  3  4  5  6  7 |
---------------+----------------------+-----
Transmutations | 2 3 |  3.6
Spellcasting   | 2 3 |  3.0
Unarmed Combat | 4 5 |  5.1
Invocations    | 1 2 |  2.8
Fighting       | |  0.7
Dodging        | |  1.5

Action                   |  1- 3 |  4- 6 |  7- 9 || total
-------------------------+-------+-------+-------++-------
Melee: Unarmed           |    92 |   115 |    48 ||   255
       Kick              |     8 |     3 |     1 ||    12
       Headbutt          |     3 |     6 |       ||     9
       Punch             |     1 |       |       ||     1
 Cast: Beastly Appendage |    21 |    28 |     1 ||    50
       Sticks to Snakes  |       |     3 |       ||     3
       Spider Form       |       |     2 |     5 ||     7
  Use: Scroll            |       |     7 |       ||     7
 Stab: Distracted        |       |     1 |       ||     1
  Eat: Chunk             |    14 |    23 |     9 ||    46
Armor: Robe              |    36 |    24 |     1 ||    61
Dodge: Dodged            |    53 |    44 |    42 ||   139
